AoeStats
← Nilenwo

Baltic

510331245Analyzed
3v3 RM · 1d ago on Sep 30, 2026· 26m 0s· 6 players
Game mode
Random Map
Map size
Normal (6 player)
Population
200
Speed
Normal
Resources
Standard
Victory
Conquest
Starting age
Dark Age
Ending age
Imperial Age
RankedLock teamsTeams togetherTeam positionsShared explorationLock speedFull tech treeHidden civsTurbo modeCheats
Victory
Defeat
🇫🇷 Magyars · France
783
+13
🇫🇷 Britons · France
727
+15
🇫🇷 Vietnamese · France
713
+15
🇨🇦 Khmer · Canada
731
-15
🇬🇧 Romans · United Kingdom
720
-15
🇹🇷 Portuguese · Türkiye
675
-13
Podocytoma
1:45 Loom
14:08 Feudal Age
16:12 Double-Bit Axe
19:53 Castle Age
24:54 Bow Saw
The_Lumberjack
12:49 Loom
14:35 Feudal Age
25:58 Castle Age
24:14 Double-Bit Axe
25:57 Horse Collar
sburaks
11:04 Feudal Age
13:57 Wheelbarrow
13:50 Horse Collar
Dubleb20
4:10 Loom
11:06 Feudal Age
11:58 Double-Bit Axe
15:24 Fletching
27:01 Castle Age
JAQUY
8:15 Loom
10:30 Feudal Age
11:31 Double-Bit Axe
11:29 Horse Collar
16:30 Gold Mining
18:38 Wheelbarrow
19:16 Stone Mining
23:25 Castle Age
21:59 Fletching
22:11 Padded Archer Armor
22:20 Scale Barding Armor
25:08 Chain Barding Armor
24:44 Bodkin Arrow
24:53 Padded Archer Armor
26:22 Thumb Ring
Nilenwo
9:48 Loom
12:17 Feudal Age
14:23 Wheelbarrow
17:34 Castle Age
16:37 Double-Bit Axe
16:34 Horse Collar
20:21 Wheelbarrow
20:49 Husbandry
22:56 Hand Cart
25:04 Town Watch
25:45 Light Cavalry
Connection lost

Rejoining the realm…

Still unreachable

The connection could not be restored.

Session expired

The server has moved on; the page needs a fresh start.